 Dungeon Crawl Stone Soup version 0.22-a0-142-g91cc6d715c (webtiles) character file.

441 MrRokkomies the Bolt Thrower (level 7, -4/54 HPs)
             Began as a Human Hunter on Feb 5, 2018.
             Was an Initiate of Wu Jian.
             Splashed by a jelly's acid (7 damage)
             ... on level 5 of the Dungeon.
             The game lasted 00:13:56 (5318 turns).

MrRokkomies the Bolt Thrower (Human Hunter)         Turns: 5318, Time: 00:13:57

Health: -4/54      AC: -6    Str: 19    XL:     7   Next: 22%
Magic:  7/7        EV: 11    Int: 12    God:    Wu Jian [......]
Gold:   102        SH:  0    Dex: 13    Spells: 6/6 levels left

rFire    . . .     SeeInvis +   b - +0 falchion
rCold    . . .     Gourm    .   (no shield)
rNeg     . . .     Faith    .   e - +0 chain mail
rPois    .         Spirit   .   (no helmet)
rElec    .         Reflect  .   g - +0 cloak
rCorr    .         Harm     .   (no gloves)
MR       .....                  (no boots)
Stlth    ..........             (no amulet)
HPRegen  0.18/turn              h - ring of see invisible
MPRegen  0.10/turn              c - +3 ring of evasion

@: mighty, about to teleport, corroded
A: no striking features
a: Renounce Religion


You were on level 5 of the Dungeon.
You worshipped Wu Jian.
Wu Jian was noncommittal.
You were not hungry.

You visited 2 branches of the dungeon, and saw 6 of its levels.

You collected 102 gold pieces.

Inventory:

Hand Weapons
 a - a +2 hand crossbow
 b - a +0 falchion (weapon)
Missiles
 d - 63 bolts
Armour
 e - a +0 chain mail (worn)
 g - a +0 cloak (worn)
Jewellery
 c - a +3 ring of evasion (right hand)
 h - a ring of see invisible (left hand)
Wands
 l - a wand of scattershot (6)
Scrolls
 i - a scroll of enchant weapon
 o - a scroll of magic mapping
Potions
 j - a potion of flight
 m - a potion of lignification
Comestibles
 f - 5 rations


   Skills:
 - Level 4.0 Fighting
 * Level 3.2 Long Blades
 - Level 6.0 Crossbows
 * Level 1.8 Armour
 - Level 2.0 Dodging
 - Level 1.0 Stealth


You had 6 spell levels left.
You didn't know any spells.

Dungeon Overview and Level Annotations

Branches:
Dungeon (5/15)             Temple (1/1) D:4

Altars:
Ashenzari
Cheibriados
Dithmenos
Fedhas
Kikubaaqudgha
Makhleb
Okawaru
Qazlal
Ru
Sif Muna
Uskayaw
Wu Jian
Xom

Annotations:
D:3 Roak's ghost, amateur FoMo


Message History

The jelly hits you.
You are splashed with acid!
The acid burns!
You are too injured to fight recklessly!
You are too injured to fight recklessly!
There is an open door here.
The jelly jiggles.
There is a stone staircase leading up here.
It was a potion of might.
You feel very mighty all of a sudden. The jelly hits you.
The acid corrodes you!
You are splashed with acid!
The acid burns!
* * * LOW HITPOINT WARNING * * *
As you read the scroll of teleportation, it crumbles to dust.
You feel strangely unstable. The jelly closely misses you.
You hit the jelly. The acid corrodes you!
Your hands burn!
* * * LOW HITPOINT WARNING * * *
The jelly is severely wounded.
The jelly hits you.
* * * LOW HITPOINT WARNING * * *
You are splashed with acid!
The acid burns!
You die...

## # #.
#.##.#######
.........#
#.......#
####......#
#@J'......#
####......#
+......#
#......#
.........
........>
########.


You could see a jelly.

Vanquished Creatures
  A scorpion (D:4)
  A centaur zombie (D:4)
  2 hounds (D:4)
  Crazy Yiuf (D:3)
  Ijyb (D:4)
  An iguana (D:4)
  An orc wizard (D:4)
  A worker ant (D:4)
  5 adders
  2 oozes
  4 worms
  4 dart slugs
  3 leopard geckos
  12 orcs
  3 ball pythons
  A giant cockroach (D:1)
  9 goblins
  7 hobgoblins
  5 jackals
  7 kobolds
  2 quokkas (D:2)
  5 bats
  3 frilled lizards
  11 rats
92 creatures vanquished.

Notes
Turn   | Place    | Note
-------+----------+-------------------------------------------
     0 | D:1      | MrRokkomies the Human Hunter began the quest for the Orb.
     0 | D:1      | Reached XP level 1. HP: 16/16 MP: 1/1
   204 | D:1      | Reached XP level 2. HP: 19/23 MP: 2/2
   654 | D:1      | Reached XP level 3. HP: 28/28 MP: 3/3
  1516 | D:2      | Reached XP level 4. HP: 13/35 MP: 4/4
  2703 | D:2      | Reached skill level 5 in Crossbows
  2968 | D:3      | Reached XP level 5. HP: 41/41 MP: 5/5
  2987 | D:3      | Found a runed door.
  2992 | D:3      | Noticed Crazy Yiuf
  3001 | D:3      | Killed Crazy Yiuf
  3429 | D:3      | Found a snail-covered altar of Cheibriados.
  3636 | D:3      | Noticed Roak's ghost (amateur FoMo)
  3662 | D:4      | Reached skill level 1 in Long Blades
  3662 | D:4      | Reached XP level 6. HP: 44/48 MP: 6/6
  3961 | D:4      | Noticed Ijyb
  3972 | D:4      | Killed Ijyb
  4025 | D:4      | Reached skill level 6 in Crossbows
  4086 | D:4      | Reached skill level 1 in Armour
  4099 | D:4      | Reached XP level 7. HP: 41/54 MP: 7/7
  4364 | D:4      | Found a staircase to the Ecumenical Temple.
  4370 | Temple   | Entered the Ecumenical Temple
  4611 | Temple   | Became a worshipper of the Wu Jian Council
  5303 | D:5      | Entered Level 5 of the Dungeon
  5318 | D:5      | Splashed by a jelly's acid

Vault maps used:
D:1:      dpeg_arrival_rhombi, minmay_tiny_reverse_x
D:3:      cheibriados_altar_1, first_ration, uniq_crazy_yiuf_cottage
D:4:      minmay_temple_entry_enclosed_plants, minmay_misc_feat_alley,
          roderic_roman_lattice, uniq_ijyb
D:5:      uniq_prince_ribbit1
Temple:   chequers_temple_sunken

Skill      XL: |  1  2  3  4  5  6  7 |
---------------+----------------------+-----
Fighting       | 3 4 |  4.0
Crossbows      | 5 6 |  6.0
Long Blades    | 1 2 3 |  3.2
Armour         | 1 |  1.8
Dodging        | |  2.0
Stealth        | |  1.0

Action                   |  1- 3 |  4- 6 |  7- 9 || total
-------------------------+-------+-------+-------++-------
Melee: Short sword       |   132 |   112 |       ||   244
       Falchion          |       |   106 |    55 ||   161
 Fire: Hand crossbow     |    11 |    75 |       ||    86
Invok: Lunge             |       |       |     1 ||     1
  Use: Scroll            |     6 |     3 |     3 ||    12
       Potion            |       |     1 |     1 ||     2
 Stab: Sleeping          |     2 |       |       ||     2
  Eat: Chunk             |     2 |     5 |     1 ||     8
       Ration            |       |     1 |     1 ||     2
Armor: Leather armour    |    20 |       |       ||    20
       Chain mail        |    22 |   157 |    31 ||   210
       Skin              |       |    36 |       ||    36
Dodge: Dodged            |    76 |   118 |    24 ||   218
       Rpst.: Falchion   |       |    17 |     7 ||    24

Table legend:
 A = Spawn XP
 B = Non-spawn XP
 C = Spawn XP percentage of total XP
 D = Spawn monster count
 E = Non-spawn monster count
 F = Spawn count percentage of total count
 G = Total turns spent on level
                    A         B        C        D         E        F      G
               +---------+---------+-------+---------+---------+-------+---------
         Total |       0 |     630 |   0.0 |       0 |      92 |   0.0 |  5318
               +---------+---------+-------+---------+---------+-------+---------
           D:1 |       0 |      60 |   0.0 |       0 |      29 |   0.0 |  1342
           D:2 |       0 |      78 |   0.0 |       0 |      29 |   0.0 |  1609
           D:3 |       0 |      88 |   0.0 |       0 |      17 |   0.0 |   699
           D:4 |       0 |     404 |   0.0 |       0 |      17 |   0.0 |  1384
               +---------+---------+-------+---------+---------+-------+---------
